 Dungeon Crawl Stone Soup version 0.21-a0-552-g593960d (webtiles) character file.

32 Lanoc the Chiller (level 3, -4/24 HPs)
             Began as a Barachi Ice Elementalist on Dec 17, 2017.
             Killed from afar by Sigmund (8 damage)
             ... with a puff of flame
             ... on level 2 of the Dungeon.
             The game lasted 00:04:29 (953 turns).

Lanoc the Chiller (Barachi Ice Elementalist)         Turns: 953, Time: 00:04:30

Health: -4/24      AC:  9    Str:  9    XL:     3   Next: 25%
Magic:  1/6        EV: 13    Int: 16    God:
Gold:   20         SH:  0    Dex: 12    Spells: 1/7 levels left

rFire    . . .     SeeInvis .   (no weapon)
rCold    . . .     Gourm    .   (no shield)
rNeg     . . .     Faith    .   a - +0 robe
rPois    .         Spirit   .   (no helmet)
rElec    .         Reflect  .   d - +0 cloak
rCorr    .         Harm     .   (no gloves)
MR       .....                  i - +0 pair of boots
Stlth    ++........             (no amulet)
HPRegen  0.08/turn              (no ring)
MPRegen  0.10/turn              (no ring)

@: icy armour, very slow
A: +LOS, swims, slowness 1, strong legs 1
a: Hop


You were on level 2 of the Dungeon.
You were not hungry.

You visited 1 branch of the dungeon, and saw 2 of its levels.

You collected 20 gold pieces.

Inventory:

Armour
 a - a +0 robe (worn)
 d - a +0 cloak (worn)
 i - a +0 pair of boots (worn)
Scrolls
 e - a scroll of identify {unknown}
Books
 b - a book of Frost

   Spells                             Type                      Level
   a - Freeze                         Ice                          1
   b - Throw Frost                    Conjuration/Ice              2
   c - Ozocubu's Armour               Charms/Ice                   3
   d - Throw Icicle                   Conjuration/Ice              4
   e - Summon Ice Beast               Ice/Summoning                4
Comestibles
 c - 3 bread rations
 f - 3 meat rations


   Skills:
 + Level 2.7 Dodging
 - Level 1.7 Stealth
 + Level 2.6 Spellcasting
 - Level 1.1 Conjurations
 * Level 4.5 Ice Magic


You had one spell level left.
You knew the following spells:

 Your Spells              Type           Power        Failure   Level  Hunger
a - Freeze                Ice            ###.         3%          1    #......
b - Throw Frost           Conj/Ice       ##....       10%         2    ##.....
c - Ozocubu's Armour      Chrm/Ice       #.......     22%         3    ###....


Dungeon Overview and Level Annotations

Branches:
Dungeon (2/15)

Altars:
Nemelex Xobeh

Annotations:
D:2 Sigmund


Innate Abilities, Weirdness & Mutations

Shadows flee at your approach. (+LOS)
You can swim through water.
You cover ground slowly.
You can hop short distances.


Message History

Sigmund is severely wounded.
You closely miss Sigmund.
Sigmund is severely wounded.
Sigmund barely misses you.
You closely miss Sigmund.
Sigmund is severely wounded.
Sigmund hits you with a scythe!
Ouch! That really hurt!
* * * LOW HITPOINT WARNING * * *
You closely miss Sigmund.
Sigmund is severely wounded.
You aren't carrying any potions.
Sigmund hits you from afar with a scythe.
* * * LOW HITPOINT WARNING * * *
Sigmund closely misses you. Sigmund looks at you with fury.
There is a stone staircase leading up here.
Sigmund points at you and mumbles some strange words.
The puff of flame hits you!
You die...

..# ##.## #.##
#.###...###....
#....)....(.#
#.###...###.#
#.#....## ..#
########.#.####
[#..
..............#
.##.
#.#######.......#
.. .
#......@.@......#
##
#########.......#
#...)...#
#.......#
#.......#
#####.#.# .#..# #
###


You could see Sigmund.

Vanquished Creatures
  An adder (D:2)
  A dart slug (D:1)
  A leopard gecko (D:1)
  3 bats (D:1)
  2 giant cockroaches (D:1)
  2 goblins (D:1)
  2 hobgoblins
  A ball python (D:1)
  3 frilled lizards (D:1)
  3 kobolds (D:1)
  A rat (D:1)
20 creatures vanquished.

Notes
Turn   | Place    | Note
-------+----------+-------------------------------------------
     0 | D:1      | Lanoc the Barachi Ice Elementalist began the quest for the Orb.
     0 | D:1      | Reached XP level 1. HP: 13/13 MP: 3/3
   113 | D:1      | Reached skill level 4 in Ice Magic
   113 | D:1      | Reached XP level 2. HP: 14/19 MP: 0/5
   177 | D:1      | Learned a level 2 spell: Throw Frost
   404 | D:1      | Found a sparkling altar of Nemelex Xobeh.
   518 | D:2      | Noticed Sigmund
   688 | D:2      | Reached XP level 3. HP: 24/24 MP: 2/6
   729 | D:1      | Learned a level 3 spell: Ozocubu's Armour
   953 | D:2      | Killed from afar by Sigmund

Vault maps used:
D:1:      dpeg_arrival_tiny_i, nemelex_diamond_rough_becter
D:2:      uniq_sigmund

Skill      XL: |  1 |
---------------+----+-----
Ice Magic      | 4 |  4.5
Dodging        | |  2.7
Stealth        | |  1.7
Spellcasting   | |  2.6
Conjurations   | |  1.1

Action                   || total
-------------------------++-------
Melee: Unarmed           ||    16
 Cast: Freeze            ||    39
       Ozocubu's Armour  ||     2
  Eat: Royal jelly       ||     1
Armor: Robe              ||    20
Dodge: Dodged            ||    45

Table legend:
 A = Spawn XP
 B = Non-spawn XP
 C = Spawn XP percentage of total XP
 D = Spawn monster count
 E = Non-spawn monster count
 F = Spawn count percentage of total count
 G = Total turns spent on level
                    A         B        C        D         E        F      G
               +---------+---------+-------+---------+---------+-------+---------
         Total |       0 |      46 |   0.0 |       0 |      20 |   0.0 |   953
               +---------+---------+-------+---------+---------+-------+---------
           D:1 |       0 |      30 |   0.0 |       0 |      18 |   0.0 |   878
           D:2 |       0 |      16 |   0.0 |       0 |       2 |   0.0 |    75
               +---------+---------+-------+---------+---------+-------+---------
